 Dungeon Sprint DCSS version 0.29.0-11-gd7f09526c8 (webtiles) character file.

Game seed: 17721030051902611255

5900 Dadi the Imperceptible (level 10, -10/44 HPs)
             Began as a Spriggan Enchanter on Sept 6, 2022.
             Was the Champion of Dithmenos.
             Mangled by a demonic crawler (15 damage)
             ... in the Dungeon (Sprint I: "Red Sonja").
             The game lasted 00:17:00 (1456 turns).

Dadi the Imperceptible (Spriggan Enchanter)         Turns: 1456, Time: 00:17:01

Health: -10/44     AC:  2    Str:  6    XL:     10   Next: 53%
Magic:  17/25      EV: 21    Int: 23    God:    Dithmenos [******]
Gold:   1100       SH:  0    Dex: 18    Spells: 23/30 levels left

rFire   + . .      SeeInvis +   s - +3 short sword (vamp)
rCold   . . .      Faith    .   (no shield)
rNeg    . . .      Spirit   .   b - +0 robe
rPois   .          Reflect  .   (helmet restricted)
rElec   .          Harm     .   (no cloak)
rCorr   .          Rampage  .   (gloves unavailable)
Will    +....      NoTele   +   (boots unavailable) Stlth *******+++
                                (no amulet)
HPRegen 0.14/turn               r - ring "Kineozau" {rF+ Int+6 Slay+2}
MPRegen 0.19/turn               (no ring)

@: confusing by touch, wreathed by umbra, very quick
A: very small, no large weapons, unfitting armour, see invisible, speed 3
a: Renounce Religion, Shadow Step, Shadow Form


You were in the Dungeon.
You worshipped Dithmenos.
Dithmenos was exalted by your worship.
You visited 1 branch You collected 2149 gold pieces.
You spent 1049 gold pieces at shops.

Inventory:

Hand Weapons
 a - a +1 dagger
 m - a +2 short sword of draining
 s - a +3 vampiric short sword (weapon)
Armour
 b - a +0 robe (worn)
Magical Staves
 l - a staff of death
Jewellery
 r - the ring "Kineozau" (left hand) {rF+ Int+6 Slay+2}
   (You bought it in a shop in the Dungeon)

   [ring of intelligence]

   Int:       It affects your intelligence (+6).
   Slay:      It affects your accuracy & damage with ranged weapons and melee
   (+2).
   rF:        It protects you from fire.
Wands
 h - a wand of digging (5)
 k - a wand of mindburst (19)
 p - a wand of polymorph (1)
Scrolls
 i - a scroll of blinking
 j - 2 scrolls of identify
 t - a scroll of enchant armour {unknown}
Potions
 c - 2 potions of invisibility
 d - 3 potions of curing
 e - a potion of heal wounds
 f - 3 potions of haste
 g - 2 potions of magic
 n - a potion of lignification {unknown}
 q - 2 potions of might {unknown}
Miscellaneous
 o - a piece from Xom's chessboard (15/15)


   Skills:
 - Level 0.5 Fighting
 - Level 13.0 Short Blades
 - Level 7.0 Dodging
 + Level 26.0 Stealth
 - Level 10.5 Spellcasting
 + Level 12.2 Hexes
 - Level 1.1 Ice Magic


You had 23 spell levels left.
You knew the following spells:

 Your Spells              Type           Power      Damage    Failure   Level
a - Ensorcelled Hibernat  Hex/Ice        86%        N/A       1%          2
b - Confusing Touch       Hex            62%        N/A       1%          3
c - Passwall              Tmut/Erth      10%        N/A       9%          2

Your spell library contained the following spells:

 Spells                   Type           Power      Damage    Failure   Level
 Dazzling Flash           Conj/Hex       80%        N/A       1%          3
 Tukima's Dance           Hex            62%        N/A       1%          3
 Apportation              Tloc           24%        N/A       5%          1
 Sandblast                Erth           24%        2d8       5%          1
 Stone Arrow              Conj/Erth      24%        3d8       16%         3
 Alistair's Intoxication  Tmut/Pois      8%         N/A       83%         5


Dungeon Overview and Level Annotations

Branches:
Dungeon (1/1)

Altars:
Cheibriados
Dithmenos
Elyvilon
Fedhas
Gozag
Hepliaklqana
Kikubaaqudgha
Makhleb
Nemelex Xobeh
Okawaru
Qazlal
Ru
Sif Muna
Trog
Uskayaw
Vehumet
Wu Jian
Xom
Yredelemnul
Zin
The Shining One
Jiyva
Lugonu

Shops:
D ?*[=?[!?*([::[[[[


Innate Abilities, Weirdness & Mutations

You are very small and have problems with some larger weapons.
You are too small for most types of armour.
You have supernaturally acute eyesight. (SInv)
You cover ground extremely quickly. (Speed+++)


Message History

Confirm with . or Enter, or press ? or * to list all spells.
Your hands begin to glow red.
A lindwurm comes into view.
The demonic crawler shrieks in warning!
You hit the demonic crawler but do no damage.
The lindwurm is engulfed in noxious fumes.
The lindwurm appears confused.
The demonic crawler hits you. The demonic crawler misses you.
The demonic crawler completely misses you.
A demonic crawler comes into view.
There is an open door here.
You hit the demonic crawler but do no damage.
The demonic crawler closely misses you. The demonic crawler hits you!
The demonic crawler completely misses you.
There is a viscous altar of Jiyva here.
The demonic crawler closely misses you. The demonic crawler hits you.
The demonic crawler misses you.
There is an open door here.
The demonic crawler shrieks in warning!
Casting: Confusing Touch (safe; 1% risk of failure)
Confirm with . or Enter, or press ? or * to list all spells.
Aiming: Passwall (safe; 9% risk of failure)
Press: ? - help, Dir - move target A rock wall.
This square is wreathed by an umbra.
The demonic crawler barely misses you.
The demonic crawler completely misses you.
The demonic crawler misses you.
You begin to meditate on the wall.
You continue meditating on the rock.
The demonic crawler barely misses you. The demonic crawler hits you.
The demonic crawler hits you!
* * * LOW HITPOINT WARNING * * *
You continue meditating on the rock.
The demonic crawler barely misses you.
The demonic crawler completely misses you.
The demonic crawler hits you but does no damage.
The demonic crawler hits you.
* * * LOW HITPOINT WARNING * * *
The demonic crawler hits you!
You die...

##########################*##*
#<.#.)'..#.)'..#__#..'...#,!#,
#..'..#.)'..#@s'..'..#...##§#,
#..#####'#####s#__####...'.k#§
#..####..#...#)####§§#####°°○$
#..#__####..##§#~§§.§#..##'###
#..#_____##'#_.§§~§..§.§#○....
#⌠⌠#_.∩..)'..._#§§~.)#..#○.°..
####_..__##_.#'##§#####'###..○
*,,#_____###'#)#[§.)###.'.#..°
############)####'###[###.#.☼#


You could see 2 demonic crawlers.

Vanquished Creatures
  2 centaur warriors (D)
  Sonja (D)
  A deep troll (D)
  An oklob plant (D)
  A gargoyle (D)
  2 unseen horrors (D)
  A demonic crawler (D)
  2 kobold demonologists (D)
  A hornet (D)
  A slime creature (D)
  Sigmund (D)
  A yak (D)
  2 redbacks (D)
  2 floating eyes (D)
  An ogre (D)
  7 necrophages (D)
  8 jellies (D)
  Ijyb (D)
  A ballistomycete spore (D)
37 creatures vanquished.

Vanquished Creatures (others)
  A ballistomycete spore (D)
1 creature vanquished.

Grand Total: 38 creatures vanquished

Notes
Turn   | Place    | Note
-------+----------+-------------------------------------------
     0 | D        | Dadi the Spriggan Enchanter began the quest for the Orb.
     0 | D        | Reached XP level 1. HP: 9/9 MP: 5/5
     2 | D        | Noticed Ijyb
    13 | D        | Killed Ijyb
    14 | D        | Reached skill level 9 in Stealth
    14 | D        | Reached XP level 2. HP: 9/13 MP: 6/6
   171 | D        | Learned a level 2 spell: Ensorcelled Hibernation
   171 | D        | Noticed an ogre
   174 | D        | Killed an ogre
   175 | D        | Reached skill level 5 in Short Blades
   175 | D        | Reached skill level 12 in Stealth
   175 | D        | Reached XP level 3. HP: 16/16 MP: 8/8
   175 | D        | Reached XP level 4. HP: 21/21 MP: 9/9
   183 | D        | Noticed Sigmund
   186 | D        | Killed Sigmund
   187 | D        | Reached skill level 15 in Stealth
   187 | D        | Reached XP level 5. HP: 25/25 MP: 10/10
   198 | D        | Found an ornate altar of the Wu Jian Council.
   198 | D        | Found a shimmering blue altar of Sif Muna.
   200 | D        | Found a radiant altar of Vehumet.
   218 | D        | Reached XP level 6. HP: 29/29 MP: 2/11
   297 | D        | Found Yklozur's Assorted Antiques.
   297 | D        | Found an ancient bone altar of Kikubaaqudgha.
   297 | D        | Found a hazy altar of Hepliaklqana.
   297 | D        | Found a stormy altar of Qazlal.
   297 | D        | Found a hide-covered altar of Uskayaw.
   297 | D        | Found a blossoming altar of Fedhas.
   297 | D        | Found a bloodstained altar of Trog.
   297 | D        | Found an iron altar of Okawaru.
   297 | D        | Found a basalt altar of Yredelemnul.
   297 | D        | Found a glowing golden altar of the Shining One.
   297 | D        | Found a snail-covered altar of Cheibriados.
   297 | D        | Found a sacrificial altar of Ru.
   297 | D        | Found a glowing silver altar of Zin.
   297 | D        | Found a shadowy altar of Dithmenos.
   297 | D        | Found a white marble altar of Elyvilon.
   297 | D        | Noticed a yak
   298 | D        | Found an opulent altar of Gozag.
   299 | D        | Killed a yak
   300 | D        | Reached skill level 16 in Stealth
   300 | D        | Found a sparkling altar of Nemelex Xobeh.
   311 | D        | Became a worshipper of Dithmenos the Shadowed
   341 | D        | Learned a level 3 spell: Confusing Touch
   343 | D        | Found a burning altar of Makhleb.
   343 | D        | Found a viscous altar of Jiyva.
   343 | D        | Found a shimmering altar of Xom.
   343 | D        | Found a corrupted altar of Lugonu.
   343 | D        | Noticed a slime creature
   355 | D        | Killed a slime creature
   356 | D        | Reached skill level 17 in Stealth
   356 | D        | Reached skill level 1 in Ice Magic
   356 | D        | Reached XP level 7. HP: 32/32 MP: 7/15
   460 | D        | Noticed a kobold demonologist
   460 | D        | Noticed a kobold demonologist
   472 | D        | Noticed a centaur warrior
   472 | D        | Noticed a centaur warrior
   478 | D        | Killed a centaur warrior
   479 | D        | Reached skill level 10 in Short Blades
   479 | D        | Reached skill level 18 in Stealth
   479 | D        | Reached XP level 8. HP: 37/37 MP: 15/20
   480 | D        | Killed a centaur warrior
   480 | D        | Reached * piety under Dithmenos
   481 | D        | Reached skill level 19 in Stealth
   481 | D        | Reached skill level 10 in Hexes
   509 | D        | Killed a kobold demonologist
   510 | D        | Reached XP level 9. HP: 35/40 MP: 11/23
   590 | D        | Noticed a demonic crawler
   590 | D        | Noticed a demonic crawler
   609 | D        | Noticed a deep troll
   611 | D        | Killed a deep troll
   611 | D        | Reached ** piety under Dithmenos
   612 | D        | Reached skill level 20 in Stealth
   612 | D        | Reached skill level 10 in Spellcasting
   626 | D        | Noticed Sonja
   629 | D        | Killed Sonja
   630 | D        | Reached skill level 21 in Stealth
   854 | D        | Found Seipn's Magic Scroll Boutique.
   880 | D        | Found Poedeab's Armour Emporium.
   902 | D        | Reached skill level 22 in Stealth
   912 | D        | Noticed an oklob plant
   914 | D        | Killed an oklob plant
   914 | D        | Reached *** piety under Dithmenos
   915 | D        | Reached skill level 23 in Stealth
   932 | D        | Reached XP level 10. HP: 44/44 MP: 25/25
   959 | D        | Reached skill level 24 in Stealth
   960 | D        | Reached **** piety under Dithmenos
   979 | D        | Reached skill level 25 in Stealth
   982 | D        | Reached ***** piety under Dithmenos
  1018 | D        | Noticed a gargoyle
  1034 | D        | Killed a gargoyle
  1183 | D        | Reached skill level 5 in Dodging
  1247 | D        | Reached ****** piety under Dithmenos
  1260 | D        | Found Myboplic's Jewellery Shoppe.
  1260 | D        | Found Kihia's Antique Armour Shop.
  1260 | D        | Found Ufeppeh's Magic Scroll Boutique.
  1262 | D        | Found Corphian's Armour Emporium.
  1262 | D        | Found Rafoj's Distillery.
  1262 | D        | Found Xaru's Magic Scroll Shoppe.
  1262 | D        | Found Huileps's General Store.
  1262 | D        | Found Cuvef's Weapon Emporium.
  1262 | D        | Found Ibbudgh's Antique Armour Shop.
  1262 | D        | Found Secolluge's Book Shoppe.
  1265 | D        | Found Jegat's Book Boutique.
  1266 | D        | Found Qeenysch's Antique Armour Emporium.
  1266 | D        | Found Sires's Antique Armour Boutique.
  1267 | D        | Found Doythaos's Armour Emporium.
  1278 | D        | Bought a book of Geomancy for 180 gold pieces
  1281 | D        | Learned a level 2 spell: Passwall
  1287 | D        | Bought a scroll of identify for 28 gold pieces
  1288 | D        | Bought a scroll of magic mapping for 82 gold pieces
  1294 | D        | Bought the ring "Kineozau" {rF+ Int+6 Slay+2} for 759 gold
                  | pieces
  1443 | D        | Reached skill level 26 in Stealth
  1443 | D        | Noticed a lindwurm
  1456 | D        | Mangled by a demonic crawler

Illustrated notes

Levels and vault maps discovered:
D:        dungeon_sprint_1 [red_sonja_temple_1, red_sonja_temple_small_1]

Skill      XL: |  1  2  3  4  5  6  7  8  9 10 |
---------------+-------------------------------+-----
Short Blades   | 2 5 7 8 9 10 11 13 | 13.0
Stealth        | 9 12 15 17 18 19 23 26 | 26.0
Spellcasting   | 3 4 7 9 10 | 10.5
Hexes          | 4 7 9 10 11 12 | 12.2
Ice Magic      | 1 |  1.1
Dodging        | 7 |  7.0
Fighting       | |  0.5

Action                   |  1- 3 |  4- 6 |  7- 9 | 10-12 || total
-------------------------+-------+-------+-------+-------++-------
Melee: Dagger            |    10 |     6 |    15 |       ||    31
       Short sword       |       |       |     5 |    57 ||    62
 Cast: Ensorcelled Hiber |       |     6 |     4 |       ||    10
       Confusing Touch   |       |     1 |       |     8 ||     9
       Passwall          |       |       |       |     1 ||     1
  Use: Potion            |     1 |       |       |       ||     1
       Scroll            |       |       |       |     1 ||     1
 Stab: Sleeping          |     1 |     3 |    10 |    12 ||    26
       Confused          |       |     2 |       |     6 ||     8
       Distracted        |       |       |     1 |     1 ||     2
Armor: Robe              |       |       |       |     1 ||     1
Dodge: Dodged            |     5 |       |     2 |    36 ||    43
